AoeStats
← AiM | CyclopsTron

Arabia

503703362Analyzed
4v4 RM · 1mo ago on Sep 1, 2026· 26m 30s· 8 players
Game mode
Random Map
Map size
Large (8 player)
Population
200
Speed
Normal
Resources
Standard
Victory
Conquest
Starting age
Dark Age
Ending age
Imperial Age
RankedLock teamsTeams togetherTeam positionsShared explorationLock speedFull tech treeHidden civsTurbo modeCheats
Victory
Defeat
🇩🇿 Gurjaras · Algeria
1670
+12
🇲🇽 Britons · Mexico
1605
+15
🇦🇷 Cumans · Argentina
1571
+16
🇷🇸 Khmer · Serbia
1566
+16
🇲🇽 Maya · Mexico
1635
-17
🇲🇽 Gurjaras · Mexico
1584
-15
🇦🇷 Ethiopians · Argentina
1566
-14
🇨🇱 Persians · Chile
1522
-12
Rv
2:56 Loom
9:15 Feudal Age
12:32 Fletching
16:20 Double-Bit Axe
23:53 Castle Age
22:16 Padded Archer Armor
22:48 Horse Collar
23:57 Crossbowman
25:15 Bow Saw
26:12 Ballistics
26:46 Heavy Plow
hl.exe
6:29 Loom
9:01 Feudal Age
10:05 Double-Bit Axe
15:49 Forging
18:04 Bloodlines
21:12 Wheelbarrow
25:12 Gold Mining
wajih9
8:15 Loom
10:08 Feudal Age
11:14 Double-Bit Axe
11:11 Horse Collar
12:13 Wheelbarrow
16:10 Forging
16:09 Scale Barding Armor
20:10 Bloodlines
25:25 Castle Age
25:39 Gold Mining
25:53 Light Cavalry
26:33 Husbandry
26:48 Bow Saw
27:14 Gold Shaft Mining
26:48 Heavy Plow
27:29 Chain Barding Armor
Alexis
6:34 Loom
9:01 Feudal Age
9:56 Double-Bit Axe
16:10 Fletching
22:31 Castle Age
21:14 Horse Collar
22:05 Padded Archer Armor
23:13 Bodkin Arrow
22:50 Crossbowman
AiM | CyclopsTron
0:34 Loom
10:30 Feudal Age
13:36 Fletching
18:18 Padded Archer Armor
24:09 Castle Age
22:33 Double-Bit Axe
22:28 Horse Collar
23:35 Gold Mining
24:46 Bodkin Arrow
24:12 Crossbowman
GABO
6:45 Loom
10:41 Feudal Age
25:51 Castle Age
23:58 Double-Bit Axe
25:06 Gold Mining
25:18 Fletching
26:01 Crossbowman
26:47 Bodkin Arrow
AiM | Shuffle
5:53 Loom
8:37 Feudal Age
9:06 Double-Bit Axe
10:09 Horse Collar
15:55 Bloodlines
16:19 Scale Barding Armor
18:20 Forging
23:41 Wheelbarrow
26:40 Castle Age
Ux'Cucurella
6:32 Loom
8:53 Feudal Age
9:33 Double-Bit Axe
15:13 Bloodlines
16:11 Scale Barding Armor
18:42 Horse Collar
19:52 Forging
Connection lost

Rejoining the realm…

Still unreachable

The connection could not be restored.

Session expired

The server has moved on; the page needs a fresh start.